 Dungeon Crawl Stone Soup version 0.18-a0-1027-g814d7dd (webtiles) character file.

154 tof the Covered (level 5, -6/32 HPs)
             Began as a Tengu Fighter on Jan 8, 2016.
             Mangled by an iguana (7 damage)
             ... on level 5 of the Dungeon.
             The game lasted 00:05:56 (2086 turns).

tof the Covered (Tengu Fighter)                     Turns: 2086, Time: 00:05:56

Health: -6/32      AC:  8    Str: 16    XL:     5   Next: 35%
Magic:  6/6        EV:  7    Int: 12    God:
Gold:   170        SH:  9    Dex: 14    Spells: 0 memorised, 4 levels left

rFire  . . .     SeeInvis .     a - +0 flail
rCold  . . .     Gourm    .     b - +0 scale mail
rNeg   . . .     Faith    .     c - +0 shield
rPois  .         Spirit   .     (helmet restricted)
rElec  .         Dismiss  .     o - +0 cloak
rCorr  .         Reflect  .     (no gloves)
SustAt .         Harm     .     (boots unavailable)
MR     +....                    (no amulet)
Stlth  ..........               s - ring of protection from magic
                                k - +3 ring of intelligence

@: somewhat resistant to hostile enchantments, extremely unstealthy
A: beak, talons 3, able to fly 1
a: Fly


You were on level 5 of the Dungeon.
You were not hungry.

You visited 1 branch of the dungeon, and saw 5 of its levels.

You collected 170 gold pieces.

Inventory:

Hand Weapons
 a - a +0 flail (weapon)
Missiles
 j - 4 exploding tomahawks (quivered)
Armour
 b - a +0 scale mail (worn)
 c - a +0 shield (worn)
 o - a +0 cloak (worn)
Jewellery
 k - a +3 ring of intelligence (left hand)
 s - a ring of protection from magic (right hand)
Wands
 q - a wand of enslavement (20/24)
 w - a wand of digging (10/24)
 x - a wand of digging (15/24)
Scrolls
 e - 3 scrolls of blinking {unknown}
 h - a scroll of enchant weapon {unknown}
 l - 2 scrolls of remove curse {unknown}
 m - 3 scrolls of noise {unknown}
 n - 2 scrolls of magic mapping {unknown}
 p - 3 scrolls of identify {unknown}
 r - a scroll of immolation {unknown}
Potions
 d - 2 potions of might
 v - 2 potions of curing {unknown}
Comestibles
 f - a bread ration
 g - a chunk of flesh
 i - 3 fruits
 t - a beef jerky
 u - a royal jelly


   Skills:
 + Level 3.6 Fighting
 * Level 3.2 Maces & Flails
 + Level 4.1 Armour
 + Level 1.5 Dodging
 + Level 0.2 Stealth
 + Level 4.0 Shields


You had 4 spell levels left.
You didn't know any spells.

Dungeon Overview and Level Annotations

Branches:
Dungeon (5/15)             Temple (0/1) D:4

Altars:
Ashenzari
Fedhas
Kikubaaqudgha

Annotations:
D:4 George's ghost, amateur MiFi


Innate Abilities, Weirdness & Mutations

You have a beak for a mouth.
You have claws for feet.
You can fly.


Message History

The iguana is moderately wounded.
You block the iguana's attack.
George's ghost says, "Live by the sword, die by the sword."
The phantom blinks!
The iguana barely misses you.
There is a stone staircase leading down here.
You can't go up here!
You block the iguana's attack.
You climb downwards.
A quokka and a worm come into view.
There is a stone staircase leading up here.
You completely miss the iguana. You claw the iguana, but do no damage.
The iguana is lightly wounded.
The iguana bites you.
* * * LOW HITPOINT WARNING * * *
The iguana bites you but does no damage.
You hit the iguana but do no damage.
The iguana is lightly wounded.
You block the quokka's attack. The iguana bites you!
You die...

#....
#....
#....
#....
#...w
#....
#....##
#...r@#
#....l#
#.....#
#######


You could see a worm, an iguana and a quokka.

Vanquished Creatures
  Ijyb (D:2)
  Terence (D:2)
  Robin (D:3)
  An adder (D:2)
  An ooze (D:3)
  5 worms
  2 giant geckos (D:1)
  5 orcs
  4 giant cockroaches
  9 goblins
  8 hobgoblins
  2 quokkas
  5 bats
  A giant newt (D:1)
  10 kobolds
  4 rats
60 creatures vanquished.

Notes
Turn   | Place    | Note
--------------------------------------------------------------
     0 | D:1      | tof the Tengu Fighter began the quest for the Orb.
     0 | D:1      | Reached XP level 1. HP: 14/14 MP: 2/2
   231 | D:1      | Reached XP level 2. HP: 19/19 MP: 3/3
   557 | D:2      | Noticed Ijyb
   570 | D:2      | Killed Ijyb
   570 | D:2      | Reached XP level 3. HP: 23/23 MP: 4/4
   648 | D:2      | Reached skill level 1 in Dodging
   648 | D:2      | Reached XP level 4. HP: 20/28 MP: 5/5
   950 | D:2      | Noticed Terence
   959 | D:2      | Killed Terence
  1302 | D:3      | Found an ancient bone altar of Kikubaaqudgha.
  1311 | D:3      | Reached skill level 4 in Armour
  1335 | D:3      | Found a blossoming altar of Fedhas.
  1449 | D:3      | Gained mutation: You can fly. [Tengu growth]
  1449 | D:3      | Reached XP level 5. HP: 32/32 MP: 6/6
  1649 | D:3      | Found a shattered altar of Ashenzari.
  1721 | D:3      | Noticed Robin
  1726 | D:3      | Killed Robin
  2040 | D:4      | Found a staircase to the Ecumenical Temple.
  2041 | D:4      | Noticed George's ghost (amateur MiFi)
  2042 | D:4      | Noticed a phantom
  2084 | D:5      | Entered Level 5 of the Dungeon
  2085 | D:5      | HP: 1/32 [iguana (5)]
  2086 | D:5      | Mangled by an iguana

Vault maps used:
D:1:      lemuel_arrival_lava_pool, minmay_hedge_maze, grunt_decor_resistance
D:2:      uniq_terence, uniq_iyjb
D:3:      marbit_many_paths, grunt_temple_overflow_growth_and_decay, uniq_robin
D:4:      lemuel_doored_altar, nicolae_tso_swordbearing_angel,
          minmay_temple_entry_large_hall, first_bread, grunt_pakellas_sulfur,
          uniq_sigmund
D:5:      serial_bayou_lake_a, uniq_pikel, uniq_duvessa

Action                   |  1- 3 |  4- 6 || total
-------------------------+-------+-------++-------
Melee: Flail             |    67 |   119 ||   186
Throw: Tomahawk          |     3 |       ||     3
  Eat: Chunk             |       |     4 ||     4
